 Dungeon Crawl Stone Soup version 0.28-a0-925-gd5e1996cdb (webtiles) character file.

Game seed: 2230210622672360989

3 Cancer the Digger (level 1, 0/10 HPs)
             Began as a Gargoyle Earth Elementalist on Nov 27, 2021.
             Slain by a kobold (1 damage)
             ... on level 1 of the Dungeon.
             The game lasted 00:00:41 (234 turns).

Cancer the Digger (Gargoyle Earth Elementalist)      Turns: 234, Time: 00:00:41

Health: 0/10       AC:  4    Str: 11    XL:     1   Next: 50%
Magic:  3/3        EV: 11    Int: 15    God:
Gold:   0          SH:  0    Dex: 10    Spells: 3/4 levels left

rFire   . . .      SeeInvis .   e - +0 mace
rCold   . . .      Faith    .   (no shield)
rNeg    + . .      Spirit   .   b - +0 robe
rPois   ∞          Reflect  .   (no helmet)
rElec   +          Harm     .   (no cloak)
rCorr   .          Rampage  .   (no gloves)
Will    .....                   (no boots)
Stlth   ++........              (no amulet)
HPRegen 0.03/turn               (no ring)
MPRegen 0.08/turn               (no ring)

@: no status effects
A: sickness immunity, AC +2, negative energy resistance 1, electricity
resistance, torment resistance 1, petrification resistance
a: no special abilities


You were on level 1 of the Dungeon.
You visited 1 branch of the dungeon, and saw 1 of its levels.

Inventory:

Hand Weapons
 d - a +0 dagger
 e - a +0 mace (weapon)
Missiles
 c - 29 stones
Armour
 b - a +0 robe (worn)
Scrolls
 a - a scroll of identify {unknown}
Potions
 f - 2 potions of heal wounds {unknown}


   Skills:
 - Level 1.5 Dodging
 - Level 2.1 Stealth
 + Level 2.0 Spellcasting
 + Level 0.4 Conjurations
 - Level 0.7 Transmutations
 + Level 3.7 Earth Magic


You had 3 spell levels left.
You knew the following spells:

 Your Spells              Type           Power      Damage    Failure   Level
a - Sandblast             Erth           24%        2d8       4%          1

Your spell library contained the following spells:

 Spells                   Type           Power      Damage    Failure   Level
 Passwall                 Tmut/Erth      6%         N/A       13%         2
 Stone Arrow              Conj/Erth      14%        3d7       28%         3
 Petrify                  Tmut/Erth      8%         N/A       65%         4


Dungeon Overview and Level Annotations

Branches:
Dungeon (1/15)

Altars:


Innate Abilities, Weirdness & Mutations

You are immune to sickness and miasma.
Your stone body is resilient. (AC +2)
You are immune to poison.
You resist negative energy. (rN+)
You are resistant to electric shocks. (rElec)
You are resistant to unholy torment.
You are immune to petrification.


Message History

You hit the bat.
The bat is moderately wounded.
The kobold shouts!
The bat hits you but does no damage.
The kobold throws a stone.
The stone hits you. The bat barely misses you.
You closely miss the bat.
The bat is moderately wounded.
The bat closely misses you.
You miss the bat.
The bat is moderately wounded.
The bat hits you but does no damage. x2; The kobold throws a stone.
The stone hits you but does no damage.
You barely miss the bat. The bat hits you but does no damage. x2
You hit the bat.
You kill the bat!
The kobold throws a stone.
The stone hits you but does no damage.
The kobold throws a stone.
The stone completely misses you.
You see here a bat corpse.
The kobold hits you with a +0 whip.
You hit the kobold but do no damage. The kobold hits you with a +0 whip.
The kobold hits you but does no damage.
You are too injured to fight recklessly!
You are too injured to fight recklessly!
You are too injured to fight recklessly!
You are too injured to fight recklessly!
You are too injured to fight recklessly!
You are too injured to fight recklessly!
You are too injured to fight recklessly!
You are too injured to fight recklessly!
You are too injured to fight recklessly!
You are too injured to fight recklessly!
You are too injured to fight recklessly!
You closely miss the kobold. The kobold misses you.
You barely miss the kobold. The kobold hits you with a +0 whip.
* * * LOW HITPOINT WARNING * * *
The kobold misses you.
You hit the kobold.
The kobold is moderately wounded.
The kobold hits you with a +0 whip.
You die...

#..........)#
#.#########.# #.# #.#
#.# #####.#
#.#####.....#
#...........#
.#################.....#
..)................>....
......K@†..#.....#....##
...........#.....#....##
....$......#............
...........#.#..###.....
##.#.......#.#..# #.....
.. #######.#....# #.....
# #.###.## #..... #..
..# ##.... #.# #....


You could see a kobold.

Vanquished Creatures
  A bat (D:1)
  A hobgoblin (D:1)
  A kobold (D:1)
3 creatures vanquished.

Notes
Turn   | Place    | Note
-------+----------+-------------------------------------------
     0 | D:1      | Cancer the Gargoyle Earth Elementalist began the quest for
                  | the Orb.
     0 | D:1      | Reached XP level 1. HP: 10/10 MP: 3/3
   174 | D:1      | Found a faded altar of an unknown god.
   234 | D:1      | Slain by a kobold

Illustrated notes

Levels and vault maps discovered:
D:1:      tarquinn_simple_flora_water_a, layout_basic,
          hellmonk_ecumenical_altar_arch_garden

Action                   || total
-------------------------++-------
Melee: Unarmed           ||    15
       Mace              ||     9
 Cast: Sandblast         ||     2
 Stab: Sleeping          ||     1
Armor: Robe              ||    12
Dodge: Dodged            ||    14

Table legend: (Time is in decaauts)
 A = Elapsed time spent in this place.
 B = Non-inter-level travel time spent in this place.
 C = Inter-level travel time spent in this place.
 D = Time resting spent in this place.
 E = Time spent auto-exploring this place.
 F = Levels seen in this place.
 G = Mean time per level.
                   A        B        C        D        E       F      G
               +--------+--------+--------+--------+--------+-----+--------+
         Total |    236 |    236 |      0 |      0 |    180 |   1 |  236.0 |
       Dungeon |    236 |    236 |      0 |      0 |    180 |   1 |  236.0 |
               +--------+--------+--------+--------+--------+-----+--------+

Top non-repeatable levels by time:
     D:1: 236 daAuts
